 Dungeon Crawl Stone Soup version 0.30-a0-1116-gebefce21f7 (webtiles) character file.

Game seed: 5452275801985026595

92 Sobieck the Digger (level 5, -1/38 HPs)
             Began as a Meteoran Earth Elementalist on Apr 21, 2023.
             Slain by Duvessa
             ... wielding a +0 short sword of venom
              (7 damage)
             ... on level 4 of the Dungeon.
             The game lasted 00:03:27 (406 turns).

Sobieck the Digger (Meteoran Earth Elementalist)     Turns: 406, Time: 00:03:28

Health: -1/38      AC:  3    Str:  9    XL:     5   Next: 14%
Magic:  9/12       EV: 12    Int: 19    God:
Gold:   5          SH:  0    Dex: 14    Spells: 8/12 levels left

rFire   . . .      SeeInvis .    (no weapon)
rCold   . . .      Faith    .    (no shield)
rNeg    . . .      Spirit   .    a - +0 robe
rPois   .          Reflect  .    (no helmet)
rElec   .          Rampage  .    t - +0 cloak
rCorr   .                        (no gloves)
Will    .....                    (no boots)
Stlth   +                        l - amulet of regeneration {@e2}
HPRegen 1.06/turn                (no ring)
MPRegen 0.13/turn                (no ring)

@: lethally poisoned (-1 -> -5), hasted, glowing, very quick
A: sense surroundings 1, otherworldly, glowing, explore regen
a: no special abilities


You were on level 4 of the Dungeon.
You visited 1 branch of the dungeon, and saw 4 of its levels.

You collected 5 gold pieces.


Innate Abilities, Weirdness & Mutations

You passively map a small area around you.
You are easily found by Zot.
You glow in the dark.
You regain HP and MP as you explore.


   Skills:
 - Level 2.4 Dodging
 - Level 1.4 Stealth
 + Level 4.4 Spellcasting
 + Level 1.1 Conjurations
 - Level 1.2 Transmutations
 - Level 5.0 Earth Magic


You had 8 spell levels left.
You knew the following spells:

 Your Spells              Type           Power      Damage    Failure   Level
a - Sandblast             Erth           46%        2d11      1%          1
b - Stone Arrow           Conj/Erth      30%        3d8       11%         3

Your spell library contained the following spells:

 Spells                   Type           Power      Damage    Failure   Level
 Passwall                 Tmut/Erth      13%        N/A       5%          2
 Petrify                  Tmut/Erth      16%        N/A       36%         4

Inventory:

Hand Weapons
 f - a +0 dagger {short}
   (You took it off a kobold on level 1 of the Dungeon)
 h - a +0 whip {mace}
   (You took it off a kobold on level 1 of the Dungeon)
 i - a +0 flail {mace}
   (You took it off a gnoll on level 1 of the Dungeon)
 j - a +0 dagger {short}
   (You found it on level 1 of the Dungeon)
 m - a +0 trident {polearm}
   (You found it on level 2 of the Dungeon)
Missiles
 g - 5 stones {throwing}
Armour
 a - a +0 robe (worn)
 d - a +0 scale mail
   (You found it on level 1 of the Dungeon)
 n - a +0 scale mail
   (You found it on level 2 of the Dungeon)
 q - a +0 ring mail
   (You found it on level 3 of the Dungeon)
 t - a +0 cloak (worn)
   (You found it on level 4 of the Dungeon)
Jewellery
 l - an amulet of regeneration (around neck) {@e2}
   (You found it on level 2 of the Dungeon)
Scrolls
 k - 4 scrolls of identify {unknown}
 p - a scroll of magic mapping {unknown}
 s - a scroll of immolation {unknown}
Potions
 o - a potion of cancellation {unknown}
 r - a potion of flight {unknown}

Dungeon Overview and Level Annotations

Branches:
Dungeon (4/15) Zot: 1972
 Temple: D:4-7

Altars:
Cheibriados

Shops:
D:2 ?![

Annotations:
D:4 Dowan, Duvessa

.............#
** * *
,...#..#.######
, ,....,#.# ,,,
,, * * #... #.#
* * , #.# *#>#
* * , #.#####.#
* #.......# ,
####.#### , #@#
. , #e# *.# #e#
####ยง## ,
#.##....... *
#..#..e..# * ,
##.#.....## ,
#.#......# , *,
#......_.. ,
###.##..(.


You could see Duvessa (fast) and Dowan.


Message History

Unknown command.
A hobgoblin comes into view.
The hobgoblin shouts!
You hear a shout!
Danger!
Unknown command.
Unknown command.
The blast of sand hits the hobgoblin.
Unknown command.
You miscast Sandblast.
You are very lightly contaminated with residual magic.
Nothing appears to happen.
Unknown command.
The blast of sand hits the hobgoblin.
You kill the hobgoblin!
Unknown command.
Unknown command.
Your magical contamination has completely faded away.
Found a stone staircase leading down.
There is a stone staircase leading down here.
Found 4 poisoned darts.
Found a snail-covered altar of Cheibriados.
Duvessa, Dowan and a quokka come into view.
Duvessa is wielding a +0 short sword of venom.
Dowan is wielding a +0 dagger and carrying a wand of flame (20).
Duvessa shouts!
Dowan shouts!
Dowan smirks and points a slender finger.
Dowan mumbles some strange words.
Dowan blinks!
Dowan moves out of view.
Danger!
The quokka bites you but does no damage.
The quokka attacks as you move away! The quokka bites you.
The quokka attacks as you move away!
The quokka bites you but does no damage.
Unknown command.
The blast of sand hits the quokka!
You kill the quokka!
The blast of sand hits Duvessa.
Duvessa misses you.
The blast of sand hits Duvessa but does no damage.
Duvessa completely misses you. Duvessa hits you but does no damage.
You are poisoned.
The blast of sand hits Duvessa but does no damage.
You feel very sick.
Duvessa hits you with a +0 short sword of venom!
You are more poisoned.
You are too injured to fight recklessly!
Unknown command.
You are too injured to fight recklessly!
Unknown command.
You are too injured to fight recklessly!
Unknown command.
Casting: Sandblast (safe; 1% risk of failure)
Confirm with . or Enter, or press ? or * to list all spells.
Aiming: Sandblast (safe; 1% risk of failure)
Press: ? - help, Shift-Dir - straight line, f/p - Duvessa
Aim: Duvessa, wielding a +0 short sword of venom and wearing a +0 ring mail (lightly wounded, 87% to hit)
The blast of sand hits Duvessa.
You feel very sick.
Duvessa hits you with a +0 short sword of venom!
* * * LOW HITPOINT WARNING * * *
Duvessa hits you with a +0 short sword of venom.
* * * LOW HITPOINT WARNING * * *
Casting: Sandblast (safe; 1% risk of failure)
Confirm with . or Enter, or press ? or * to list all spells.
Aiming: Stone Arrow (dangerous; 11% risk of failure)
Press: ? - help, Shift-Dir - straight line, f/p - Duvessa
Aim: Duvessa, wielding a +0 short sword of venom and wearing a +0 ring mail (moderately wounded, 77% to hit)
The stone arrow hits Duvessa.
* * * LOW HITPOINT WARNING * * *
You feel very sick. Duvessa closely misses you.
Casting: Stone Arrow (dangerous; 11% risk of failure)
Confirm with . or Enter, or press ? or * to list all spells.
Aiming: Stone Arrow (dangerous; 11% risk of failure)
Press: ? - help, Shift-Dir - straight line, f/p - Duvessa
Aim: Duvessa, wielding a +0 short sword of venom and wearing a +0 ring mail (moderately wounded, 77% to hit)
The stone arrow misses Duvessa.
You feel sick. Duvessa hits you but does no damage.
You are lethally poisoned!
Dowan points at Duvessa and mumbles some strange words.
Duvessa seems to speed up.
Casting: Stone Arrow (dangerous; 11% risk of failure)
Confirm with . or Enter, or press ? or * to list all spells.
You don't have enough magic to cast this spell.
It was a potion of haste.
You feel yourself speed up.
* * * LOW HITPOINT WARNING * * *
You feel very sick. Duvessa barely misses you.
It was a potion of curing.
You feel better. Duvessa barely misses you. Magic courses through your body.
Duvessa hits you with a +0 short sword of venom.
* * * LOW HITPOINT WARNING * * *
You are poisoned.
Unknown command.
Casting: Stone Arrow (dangerous; 11% risk of failure)
Confirm with . or Enter, or press ? or * to list all spells.
Aiming: Stone Arrow (dangerous; 11% risk of failure)
Press: ? - help, Shift-Dir - straight line, f/p - Duvessa
Aim: Duvessa, wielding a +0 short sword of venom and wearing a +0 ring mail (moderately wounded, fast, 77% to hit)
The stone arrow hits Duvessa!
You feel sick.
Duvessa hits you with a +0 short sword of venom!
You die...

Skill      XL: |  1  2  3  4  5 |
---------------+----------------+-----
Spellcasting   | 3 4 |  4.4
Earth Magic    | 4 5 |  5.0
Conjurations   | 1 |  1.1
Dodging        | |  2.4
Stealth        | |  1.4
Transmutations | |  1.2

Action                     |  1- 3 |  4- 6 || total
---------------------------+-------+-------++-------
  Melee: Unarmed           |     5 |       ||     5
   Cast: Sandblast         |    18 |    26 ||    44
         Stone Arrow       |       |     3 ||     3
    Use: Potion            |       |     3 ||     3
 Armour: Robe              |     3 |     6 ||     9
  Dodge: Dodged            |     5 |     5 ||    10

Levels and vault maps discovered:
D:1:      co_arrival_square_in_a_square_in_a_square, layout_loops_corners
D:2:      layout_loops_ring, serial_shops, nicolae_shop_waterfront, shop, shop
D:3:      layout_rooms, serial_shops, nicolae_shop_real_fake_doors,
          minmay_misc_feat_nine_boxes
D:4:      layout_loops_cross, nicolae_overflow_crystal_walls, minivault_27,
          uniq_duvessa

Notes
Turn   | Place    | Note
-------+----------+-------------------------------------------
     0 | D:1      | Sobieck the Meteoran Earth Elementalist began the quest for
                  | the Orb.
     0 | D:1      | Reached XP level 1. HP: 14/14 MP: 5/5
    61 | D:1      | Reached skill level 3 in Spellcasting
    61 | D:1      | Reached XP level 2. HP: 19/20 MP: 0/7
   110 | D:1      | Reached skill level 4 in Earth Magic
   137 | D:2      | Reached XP level 3. HP: 25/26 MP: 7/9
   150 | D:2      | Found Ekunwir's Magic Scroll Shoppe.
   200 | D:2      | Found Adakk's Distillery.
   203 | D:2      | Found Morhilo's Armour Emporium.
   213 | D:2      | Reached XP level 4. HP: 33/33 MP: 6/10
   226 | D:2      | Reached skill level 4 in Spellcasting
   238 | D:3      | Learned a level 3 spell: Stone Arrow
   300 | D:3      | Reached XP level 5. HP: 38/38 MP: 9/12
   337 | D:4      | Noticed a kobold brigand
   352 | D:4      | Reached skill level 1 in Conjurations
   352 | D:4      | Reached skill level 5 in Earth Magic
   387 | D:4      | Found a snail-covered altar of Cheibriados.
   388 | D:4      | Noticed Duvessa
   388 | D:4      | Noticed Dowan
   400 | D:4      | HP: 9/38 [Duvessa/+0 short sword of venom (5)]
   403 | D:4      | HP: 3/38 [poisoned by Duvessa]
   406 | D:4      | Slain by Duvessa

Vanquished Creatures
  A gnoll (D:1)
  5 adders
  A shadow imp (D:4)
  A worm (D:3)
  2 orcs (D:3)
  3 endoplasms (D:3)
  2 giant cockroaches
  3 hobgoblins
  A jackal (D:2)
  4 quokkas
  A frilled lizard (D:1)
  2 kobolds (D:1)
26 creatures vanquished.

Table legend:
 A = Non-vault XP
 B = Vault XP
 C = Vault XP percentage of total XP
 D = Non-vault monster count
 E = Vault monster count
 F = Vault count percentage of total count
                 A         B        C        D         E       F
            +---------+---------+-------+---------+---------+-------
      Total |     132 |       0 |   0.0 |      26 |       0 |   0.0
            +---------+---------+-------+---------+---------+-------
        D:1 |      22 |       0 |   0.0 |       6 |       0 |   0.0
        D:2 |      56 |       0 |   0.0 |       6 |       0 |   0.0
        D:3 |      39 |       0 |   0.0 |      11 |       0 |   0.0
        D:4 |      15 |       0 |   0.0 |       3 |       0 |   0.0
            +---------+---------+-------+---------+---------+-------

Illustrated notes

Table legend:
 A = Kills in this place as a percentage of kills in the entire game.
 B = Kills by you in this place as a percentage of kills by you in the entire game.
 C = Kills by friends in this place as a percentage of kills by friends in the entire game.
 D = Other kills in this place as a percentage of other kills in the entire game.
 E = Experience gained in this place as a percentage of experience gained in the entire game.
 F = Experience gained in this place divided by the number of levels of this place that you have seen.
                   A       B       C       D       E      F
               +-------+-------+-------+-------+-------+----------------------
         Total | 100.0 | 100.0 |   N/A |   N/A | 100.0 |  33.0
       Dungeon | 100.0 | 100.0 |   N/A |   N/A | 100.0 |  33.0
               +-------+-------+-------+-------+-------+----------------------

Table legend: (Time is in decaauts)
 A = Elapsed time spent in this place.
 B = Non-inter-level travel time spent in this place.
 C = Inter-level travel time spent in this place.
 D = Time resting spent in this place.
 E = Time spent auto-exploring this place.
 F = Levels seen in this place.
 G = Mean time per level.
                   A        B        C        D        E       F      G
               +--------+--------+--------+--------+--------+-----+--------+
         Total |    426 |    426 |      0 |      3 |      0 |   4 |  106.5 |
       Dungeon |    426 |    426 |      0 |      3 |      0 |   4 |  106.5 |
               +--------+--------+--------+--------+--------+-----+--------+

Top non-repeatable levels by time:
     D:1: 130 daAuts
     D:2: 111 daAuts
     D:3: 96 daAuts
     D:4: 89 daAuts
